Map: Neon Violet Square LE

Players

iggythefisk

  • Race: Zerg Zerg
  • Spawn Location: 11:00

gSSeY

  • Race: Zerg Zerg
  • League: Master
  • Spawn Location: 5:00

matathemyra

  • Race: Protoss Protoss

gehemon

  • Race: Protoss Protoss

VOD

Have the link to the VOD?

Description

Time

  • Played on: Nov. 20, 2017, 12:19 p.m.
  • Length: 15:35
Show
View Real Time Build Order
Export as new Build Order

iggythefisk Zerg 

Build Orders: Hatch First 

Get SALT Encoding   

  12  0:01  Drone  
  13  0:08  Drone  
  14  0:18  Overlord  
  14  0:36  Drone x3  
  17  0:54  Hatchery  
  16  0:57  Drone  
  17  1:13  Spawning Pool  
  17  1:15  Extractor  
  17  1:16  Drone  
  16  1:20  Drone  
  16  1:25  Drone  
  18  1:35  Drone  
  19  1:41  Overlord  
  19  1:53  Drone  
  20  1:59  Queen  
  22  2:09  Zergling x2  
  22  2:10  Drone  
  22  2:12  Queen  
  26  2:16  Drone, Metabolic Boost  
  26  2:20  Drone  
  28  2:25  Zergling x2  
  28  2:29  Drone  
  30  2:35  Queen  
  32  2:39  Drone  
  32  2:43  Overlord  
  33  2:53  Drone x2  
  35  2:59  Drone  
  35  3:03  Evolution Chamber  
  35  3:06  Drone  
  36  3:19  Hatchery  
  35  3:22  Lair  
  35  3:24  Drone x2  
  37  3:31  Pneumatized Carapace  
  37  3:36  Drone x3  
  39  3:56  Baneling Nest  
  39  3:58  Drone  
  39  3:59  Drone x4  
  39  4:01  Overlord x2  
  43  4:10  Spore Crawler  
  43  4:13  Spore Crawler  
  41  4:27  Extractor  
  40  4:32  Drone x3  
  40  4:33  Drone x9  
  40  4:38  Hydralisk Den  
  51  4:44  Queen  
  53  4:46  Queen  
  53  4:48  Drone x2  
  53  4:49  Drone  
  58  4:53  Extractor  
  58  4:54  Spore Crawler  
  55  5:01  Drone x5  
  55  5:03  Overlord  
  60  5:08  Zerg Missile Weapons Level 1  
  60  5:14  Evolution Chamber  
  59  5:21  Overlord x2  
  59  5:24  Muscular Augments  
  59  5:27  Zergling x6  
  62  5:41  Zerg Ground Armor Level 1  
  62  5:43  Extractor  
  62  5:44  Zergling x2  
  62  5:45  Zergling x18  
  62  5:47  Overlord  
  71  5:56  Drone x3  
  71  5:57  Extractor  
  73  6:03  Hydralisk x3  
  75  6:09  Hydralisk  
  75  6:10  Hydralisk  
  83  6:14  Baneling  
  83  6:23  Hydralisk  
  83  6:24  Hydralisk  
  87  6:26  Drone x2  
  87  6:27  Overlord x2  
  87  6:32  Extractor  
  88  6:42  Drone  
  88  6:43  Overlord x2  
  89  6:51  Drone x3  
  89  6:54  Hatchery  
  91  6:57  Hydralisk  
  91  6:58  Hydralisk  
  91  7:01  Hydralisk  
  95  7:03  Hydralisk  
  96  7:11  Hydralisk  
  96  7:12  Hydralisk  
  85  7:16  Zergling x6  
  85  7:20  Hydralisk  
  87  7:26  Hydralisk  
  87  7:29  Hydralisk  
  91  7:37  Baneling Nest  
  91  7:40  Hydralisk  
  91  7:41  Hydralisk x2  
  91  7:43  Zergling x2  
  97  7:48  Queen  
  98  7:57  Spine Crawler  
  95  8:01  Spore Crawler, Drone x4  
  95  8:04  Hydralisk  
  100  8:18  Drone x7  
  107  8:21  Hydralisk  
  107  8:24  Zergling x2  
  110  8:31  Centrifical Hooks  
  110  8:33  Zerg Missile Weapons Level 2  
  110  8:42  Hydralisk  
  110  8:43  Hydralisk x2  
  116  8:50  Hydralisk  
  116  8:51  Hydralisk x2  
  116  8:53  Zergling x2  
  116  8:54  Zergling x2  
  123  9:04  Hydralisk x2  
  123  9:10  Zergling x10  
  123  9:11  Zergling x2  
  125  9:17  Spine Crawler  
  125  9:21  Hydralisk  
  125  9:23  Spore Crawler, Drone x3  
  126  9:32  Drone  
  126  9:35  Overlord  
  127  9:42  Spire  
  126  9:46  Drone  
  126  9:50  Spine Crawler  
  126  9:52  Queen, Spore Crawler  
  127  9:55  Drone x6  
  127  9:57  Hydralisk  
  134  10:01  Extractor  
  130  10:24  Overlord x3  
  130  10:29  Zerg Ground Armor Level 2  
  130  10:37  Overlord  
  127  10:44  Hydralisk x4  
  127  10:45  Hydralisk x7  
  119  10:50  Zergling x2  
  119  10:51  Zergling x8  
  113  11:01  Hydralisk x3  
  113  11:02  Hydralisk  
  111  11:24  Mutalisk x4  
  111  11:25  Mutalisk  
  121  11:28  Mutalisk  
  121  11:30  Zergling x2  
  121  11:32  Hydralisk  
  117  11:35  Hatchery  
  116  11:45  Drone x3  
  119  11:50  Mutalisk x5  
  129  11:56  Baneling x2  
  129  11:57  Zergling x8  
  133  12:02  Zergling x6  
  133  12:07  Hydralisk  
  133  12:08  Hydralisk  
  128  12:20  Hydralisk  
  128  12:21  Hydralisk x4  
  134  12:24  Zergling x2  
  134  12:25  Zergling x8  
  139  12:33  Baneling  
  139  12:34  Baneling x13  
  139  12:38  Zergling x2  
  139  12:39  Zergling x4  
  142  12:50  Zergling x18  
  151  12:53  Drone x2  
  151  12:57  Queen  
  137  13:11  Zergling x2  
  137  13:12  Zergling x22  
  141  13:25  Hydralisk x5  
  141  13:27  Baneling x5  
  149  13:29  Drone  
  149  13:31  Baneling x2  
  149  13:32  Baneling x3  
  149  13:33  Baneling x2  
  149  13:34  Baneling  
  150  13:35  Baneling x3  
  150  13:36  Baneling  
  150  13:37  Baneling  
  150  13:38  Baneling  
  140  13:44  Baneling x10  
  140  13:48  Hydralisk x2  
  140  13:52  Drone x2  
  140  13:53  Hydralisk  
  101  13:59  Hydralisk  
  101  14:00  Hydralisk  
  101  14:01  Hydralisk  
  104  14:14  Hydralisk x5  
  114  14:23  Lurker Den  
  110  14:26  Hydralisk x3  
  110  14:27  Hydralisk  
  110  14:35  Hydralisk x3  
  116  14:50  Hydralisk  
  116  14:51  Hydralisk x3  
  124  14:53  Hydralisk  
  124  14:55  Hydralisk  
  124  14:56  Hatchery  
  124  14:58  Hydralisk  
  129  15:02  Hydralisk x2  
  133  15:10  Hydralisk x3  
Show
View Real Time Build Order
Export as new Build Order

gSSeY Zerg 

Build Orders:  

Get SALT Encoding   

  12  0:01  Probe  
  13  0:13  Probe  
  14  0:18  Pylon  
  14  0:25  Probe  
  15  0:31  Probe  
  15  0:39  Probe  
  15  0:40  Gateway  
  16  0:49  Assimilator  
  17  0:52  Probe  
  18  0:58  Probe  
  18  1:07  Probe  
  20  1:27  Nexus  
  20  1:37  Cybernetics Core  
  20  1:40  Probe  
  21  1:50  Pylon  
  21  1:53  Probe  
  22  1:55  Assimilator  
  22  2:05  Probe (Chrono Boost)  
  23  2:14  Warp Gate  
  24  2:16  Adept  
  24  2:17  Probe (Chrono Boost)  
  24  2:19  Probe (Chrono Boost)  
  27  2:31  Probe, Stargate  
  27  2:34  Probe  
  28  2:41  Probe  
  28  2:43  Probe  
  30  2:48  Stalker  
  33  2:53  Probe  
  33  2:55  Probe  
  34  3:05  Probe  
  34  3:07  Pylon  
  34  3:09  Probe  
  36  3:14  Oracle (Chrono Boost)  
  36  3:18  Probe  
  40  3:21  Probe  
  41  3:27  Gateway  
  41  3:31  Gateway  
  41  3:33  Shield Battery  
  41  3:35  Probe  
  41  3:36  Probe  
  41  3:37  Phoenix  
  43  3:42  Pylon  
  45  3:50  Probe  
  45  3:51  Probe  
  47  4:02  Assimilator, Probe  
  48  4:05  Twilight Council  
  48  4:06  Probe  
  48  4:07  Assimilator  
  49  4:13  Shield Battery  
  49  4:14  Probe  
  50  4:22  Probe  
  51  4:27  Probe  
  52  4:34  Probe  
  53  4:38  Adept  
  53  4:39  Adept x2  
  53  4:41  Nexus  
  59  4:46  Probe  
  59  4:47  Charge  
  59  4:50  Robotics Facility  
  60  4:57  Templar Archives  
  60  4:59  Probe  
  61  5:04  Pylon  
  61  5:09  Pylon  
  61  5:15  Pylon  
  61  5:23  Warp Prism  
  61  5:25  Gateway  
  61  5:26  Gateway  
  61  5:28  Gateway  
  61  5:35  Gateway  
  61  5:42  Gateway  
  63  5:54  Gateway x2  
  63  5:56  High Templar x2, Warp Prism  
  67  6:00  Archon  
  69  6:11  Pylon  
  69  6:13  Pylon  
  69  6:30  Observer  
  69  6:37  Zealot  
  69  6:38  High Templar x4, Probe x2  
  69  6:39  Zealot x2, Probe  
  87  6:42  Archon x2, Pylon  
  87  6:46  Zealot  
  89  6:54  Probe x2  
  89  6:56  Probe  
  92  7:04  Zealot x3  
  92  7:05  Zealot x2  
  92  7:06  High Templar  
  104  7:11  High Templar  
  98  7:19  Zealot x3, Archon  
  96  7:34  Probe  
  96  7:35  Immortal, Probe x2  
  99  7:37  Zealot x4, Assimilator  
  99  7:39  Psionic Storm  
  99  7:41  Assimilator  
  99  7:42  Zealot  
  97  7:46  Probe  
  98  7:52  Probe  
  98  7:53  Probe  
  84  7:58  Pylon  
  84  8:00  Forge  
  84  8:01  High Templar  
  84  8:02  High Templar x2  
  86  8:06  Zealot  
  88  8:20  Sentry  
  88  8:21  Zealot  
  88  8:22  Zealot x4  
  100  8:30  High Templar  
  102  8:36  Sentry  
  104  8:41  Zealot  
  104  8:42  Zealot x4  
  114  8:49  Pylon x2  
  114  8:50  Pylon  
  114  8:58  Zealot x2  
  118  9:03  Zealot x2  
  118  9:09  High Templar x2  
  126  9:12  Protoss Ground Weapons Level 1 (Chrono Boost)  
  126  9:17  Immortal  
  126  9:20  High Templar x2  
  126  9:21  Archon  
  124  9:26  Nexus, High Templar  
  124  9:27  High Templar  
  124  9:31  Pylon  
  130  9:33  Archon x2  
  130  9:36  Forge  
  130  9:40  Probe  
  132  9:45  Probe  
  132  9:49  Protoss Ground Armor Level 1 (Chrono Boost)  
  132  9:55  Shield Battery  
  132  9:56  High Templar x2, Shield Battery  
  136  10:09  Pylon  
  136  10:12  Zealot  
  136  10:13  Zealot x4  
  146  10:16  Probe x3  
  133  10:21  Zealot x3  
  133  10:22  Zealot x2  
  133  10:28  Probe x2  
  145  10:30  Assimilator  
  145  10:34  High Templar x2  
  147  10:40  Protoss Ground Weapons Level 2 (Chrono Boost), Probe  
  140  10:43  Assimilator  
  140  10:48  High Templar x2  
  140  10:49  Zealot x3, Gateway  
  136  10:50  Gateway  
  136  10:53  Warp Prism  
  130  11:00  Probe  
  129  11:06  Probe  
  130  11:14  Archon x2  
  130  11:15  Zealot x4  
  130  11:16  Zealot  
  140  11:19  Probe  
  140  11:20  Probe  
  140  11:22  Pylon  
  134  11:35  Protoss Ground Armor Level 2  
  134  11:36  High Templar x4  
  134  11:37  High Templar  
  134  11:39  High Templar x2  
  146  11:42  Archon  
  146  11:48  Archon  
  146  11:50  Zealot x2  
  149  12:06  Stargate  
  149  12:10  Photon Cannon  
  149  12:11  Pylon  
  149  12:13  Zealot x6  
  149  12:14  Zealot  
  163  12:17  Phoenix  
  163  12:18  Fleet Beacon  
  163  12:21  Stargate  
  161  12:29  Blink (Chrono Boost)  
  159  12:32  High Templar  
  159  12:33  High Templar  
  162  12:41  Stalker x3  
  168  12:45  Archon  
  168  12:47  Phoenix, Probe  
  168  12:48  Shield Battery  
  168  12:50  Shield Battery  
  170  12:54  Probe  
  152  13:08  Phoenix  
  152  13:09  Phoenix  
  147  13:19  High Templar x2  
  150  13:20  Zealot x3  
  150  13:23  Archon  
  158  13:34  Tempest x2  
  158  13:45  Zealot x2  
  158  13:46  Zealot  
  150  13:58  High Templar x4  
  150  14:02  Zealot x2  
  158  14:05  Archon  
  158  14:06  Probe  
  158  14:08  Zealot  
  161  14:18  High Templar x2, Probe  
  161  14:23  Archon  
  156  14:33  Nexus  
  156  14:37  Pylon  
  154  14:39  Probe  
  154  14:40  Probe  
  154  14:42  Probe  
  157  14:45  High Templar  
  157  14:46  High Templar  
  157  14:50  High Templar  
  157  14:51  High Templar  
  165  14:56  Probe  
  165  14:57  Probe  
  167  15:00  Probe x2  
  169  15:08  Probe  
  169  15:10  Probe  
  173  15:15  Probe  
  173  15:18  High Templar x2  
  173  15:19  High Templar  
  160  15:28  Zealot x2  
  160  15:29  Zealot x2, High Templar x2  
Show
View Real Time Build Order
Export as new Build Order

matathemyra Protoss 

Build Orders:  

Get SALT Encoding   

Show
View Real Time Build Order
Export as new Build Order

gehemon Protoss 

Build Orders:  

Get SALT Encoding   

Tags
 
Add a new tag
Caveats
  • Supply blocks, unpowered buildings, or Contaminate may cause inaccurate times.
  • Supply counts are checked every 10 seconds.